 Dungeon Crawl Stone Soup version 0.27-a0-1302-g7736ffe575 (webtiles) character file.

Game seed: 5423930642648094753

4 Kinoniko the Insei (level 1, 6/15 HPs)
             Began as a Demigod Transmuter on June 18, 2021.
             Quit the game on level 1 of the Dungeon.
             The game lasted 00:00:19 (217 turns).

Kinoniko the Insei (Demigod Transmuter)              Turns: 217, Time: 00:00:19

Health: 6/15       AC:  2    Str: 11    XL:     1   Next: 40%
Magic:  5/5        EV: 12    Int: 15    God:
Gold:   0          SH:  0    Dex: 14    Spells: 2/3 levels left

rFire    . . .     SeeInvis .     - Unarmed
rCold    . . .     Faith    .   (no shield)
rNeg     . . .     Spirit   .   a - +0 robe
rPois    .         Reflect  .   (no helmet)
rElec    .         Harm     .   (no cloak)
rCorr    .         Rampage  .   (no gloves)
Will     .....                  (no boots)
Stlth    +.........             (no amulet)
HPRegen  0.05/turn              (no ring)
MPRegen  0.09/turn              (no ring)

@: no status effects
A: high mp 1, forlorn
a: no special abilities


You were on level 1 of the Dungeon.
You visited 1 branch of the dungeon, and saw 1 of its levels.

Inventory:

Armour
 a - a +0 robe (worn)
Potions
 b - a potion of curing {unknown}
 c - a potion of might {unknown}


   Skills:
 + Level 0.8 Fighting
 + Level 1.8 Dodging
 + Level 2.8 Unarmed Combat
 + Level 1.8 Spellcasting
 + Level 1.8 Transmutations


You had 2 spell levels left.
You knew the following spells:

 Your Spells              Type           Power      Damage    Failure   Level
a - Beastly Appendage     Tmut           12%        N/A       11%         1

Your spell library contained the following spells:

 Spells                   Type           Power      Damage    Failure   Level
 Wereblood                Tmut           6%         N/A       16%         2
 Spider Form              Tmut/Pois      2%         N/A       43%         3
 Ice Form                 Ice/Tmut       4%         N/A       83%         4


Dungeon Overview and Level Annotations

Branches:
Dungeon (1/15)


Innate Abilities, Weirdness & Mutations

Your attributes grow dramatically as you level up.
You have an increased reservoir of magic. (+10% MP)
You shall have no god before yourself.


Message History

The adder zombie barely misses you.
You closely miss the adder zombie. Your headbutt misses the adder zombie.
The adder zombie is almost destroyed.
The adder zombie closely misses you.
You hit the adder zombie.
You destroy the adder zombie!
You start resting.
Your horns disappear.
Your talons disappear.
You start resting.
Magic restored.
You start resting.
HP restored.
c - a fuming purple potion You open the large door.
There is a large open door here.
There is a large open door here.
You open the large door.
A hobgoblin comes into view.
The hobgoblin shouts!
There is a large open door here.
The hobgoblin hits you.
There is a large open door, spattered with blood here.
You hit the hobgoblin.
The hobgoblin is heavily wounded.
The hobgoblin hits you.
You are too injured to fight recklessly!
You are too injured to fight recklessly!
You are too injured to fight recklessly!
You are too injured to fight recklessly!
You are too injured to fight recklessly!
You are too injured to fight recklessly!
You are too injured to fight recklessly!
You are too injured to fight recklessly!
You are too injured to fight recklessly!
You are too injured to fight recklessly!
You are too injured to fight recklessly!
You are too injured to fight recklessly!
You are too injured to fight recklessly!
You are too injured to fight recklessly!
You are too injured to fight recklessly!
Are you sure you want to abandon this character and quit the game? (Confirm with "yes".)

...# .#...
#....## .......
.......##
........######.
≈≈≈≈≈≈≈g≈≈≈≈≈≈≈
# #@# ##### #≈
#'#≈ ≈#8.<#
##8##.##8##...#
+.........'...#
###8#'#8###...#
#♣##'##♣##8.8#
♣≈.....≈♣##'##
#♣.......♣##.#
#.........#8.#


You could see a hobgoblin.

Vanquished Creatures
  An adder zombie (D:1)
  A quokka zombie (D:1)
2 creatures vanquished.

Notes
Turn   | Place    | Note
-------+----------+-------------------------------------------
     0 | D:1      | Kinoniko the Demigod Transmuter began the quest for the
                  | Orb.
     0 | D:1      | Reached XP level 1. HP: 15/15 MP: 5/5
   217 | D:1      | Quit the game

Illustrated notes

Levels and vault maps discovered:
D:1:      saegor_arrival_fortress, layout_loops_ring,
          hellmonk_ecumenical_altar_blasted

Action                   || total
-------------------------++-------
Melee: Unarmed           ||    19
       Punch             ||     1
 Cast: Beastly Appendage ||     1
Armor: Robe              ||     4
Dodge: Dodged            ||     9

Table legend: (Time is in decaauts)
 A = Elapsed time spent in this place.
 B = Non-inter-level travel time spent in this place.
 C = Inter-level travel time spent in this place.
 D = Time resting spent in this place.
 E = Time spent auto-exploring this place.
 F = Levels seen in this place.
 G = Mean time per level.
                   A        B        C        D        E       F      G
               +--------+--------+--------+--------+--------+-----+--------+
         Total |    216 |    216 |      0 |    160 |     23 |   1 |  216.0 |
       Dungeon |    216 |    216 |      0 |    160 |     23 |   1 |  216.0 |
               +--------+--------+--------+--------+--------+-----+--------+

Top non-repeatable levels by time:
     D:1: 216 daAuts
